AoeStats
← iaba

Arena

510413334Analyzed
3v3 RM · 2d ago on Sep 30, 2026· 47m 7s· 6 players
Game mode
Random Map
Map size
Normal (6 player)
Population
200
Speed
Normal
Resources
Standard
Victory
Conquest
Starting age
Dark Age
Ending age
Imperial Age
RankedLock teamsTeams togetherTeam positionsShared explorationLock speedFull tech treeHidden civsTurbo modeCheats
Victory
Defeat
🇧🇷 Khmer · Brazil
719
+19
🇮🇹 Goths · Italy
677
+21
🇨🇦 Lithuanians · Canada
649
+22
🇨🇴 Gurjaras · Colombia
850
-23
🇨🇴 Huns · Colombia
793
-21
🇨🇴 Spanish · Colombia
716
-18
UpperCut5440
0:28 Loom
13:45 Feudal Age
14:15 Man-at-Arms
15:13 Double-Bit Axe
15:22 Gold Mining
15:18 Horse Collar
15:49 Stone Mining
24:07 Castle Age
24:20 Wheelbarrow
25:52 Fletching
26:03 Padded Archer Armor
26:26 Heavy Plow
28:03 Bow Saw
28:24 Hand Cart
29:19 Sanctity
30:12 Caravan
30:29 Town Watch
30:21 Elite Skirmisher
33:15 Stone Shaft Mining
32:43 Husbandry
34:40 Bodkin Arrow
35:03 Leather Archer Armor
34:58 Thumb Ring
36:39 Bloodlines
36:06 Pikeman
41:07 Squires
41:53 Long Swordsman
41:57 Light Cavalry
45:53 Imperial Age
43:35 Scale Mail Armor
43:46 Forging
43:42 Scale Barding Armor
45:07 Squires
46:58 Elite Leitis
Diego-NA
11:28 Feudal Age
13:24 Double-Bit Axe
14:34 Wheelbarrow
14:28 Loom
20:54 Castle Age
25:18 Horse Collar
27:51 Bow Saw
29:08 Stone Mining
32:19 Pikeman
36:19 Imperial Age
33:28 Elite Skirmisher
35:10 Gold Mining
36:09 Fortified Wall
36:08 Scale Barding Armor
39:44 Scale Mail Armor
42:07 Halberdier
43:02 Cavalier
44:50 Stone Shaft Mining
44:04 Man-at-Arms
45:17 Tusk Swords
46:29 Conscription
iaba
0:29 Loom
13:48 Feudal Age
15:27 Double-Bit Axe
15:25 Horse Collar
15:36 Stone Mining
15:36 Gold Mining
20:24 Wheelbarrow
24:35 Castle Age
23:57 Gold Mining
25:30 Heavy Plow
25:43 Bow Saw
31:25 Caravan
33:15 Anarchy
33:56 Forging
33:47 Scale Mail Armor
35:23 Iron Casting
35:44 Squires
36:23 Chain Mail Armor
36:17 Pikeman
38:44 Hand Cart
43:30 Imperial Age
44:36 Perfusion
44:58 Conscription
46:01 Blast Furnace
44:57 Halberdier
DarkMagician26
9:47 Feudal Age
15:52 Castle Age
14:32 Double-Bit Axe
24:08 Wheelbarrow
23:23 Town Watch
23:24 Loom
23:53 Horse Collar
24:43 Bow Saw
25:41 Stone Mining
25:49 Gold Mining
27:48 Hand Cart
27:33 Town Patrol
27:49 Town Patrol
32:30 Imperial Age
30:58 Gold Shaft Mining
30:24 Heavy Plow
30:30 Padded Archer Armor
30:20 Fletching
30:35 Scale Barding Armor
30:30 Scale Mail Armor
30:42 Forging
30:45 Pikeman
31:25 Squires
31:10 Arson
31:39 Masonry
31:24 Murder Holes
31:52 Ballistics
31:53 Leather Archer Armor
31:37 Bodkin Arrow
32:09 Light Cavalry
32:59 Bloodlines
32:49 Husbandry
33:17 Hussar
34:26 Thumb Ring
33:42 Crossbowman
34:48 Conscription
34:30 Marauders
35:53 Two-Man Saw
35:39 Bracer
36:53 Chemistry
36:26 Halberdier
38:03 Chain Barding Armor
37:59 Chain Mail Armor
38:38 Iron Casting
38:29 Caravan
fabadaro10
10:21 Feudal Age
11:41 Loom
11:43 Town Watch
12:33 Double-Bit Axe
16:05 Castle Age
15:52 Horse Collar
17:50 Wheelbarrow
17:40 Bow Saw
23:26 Hand Cart
24:15 Gold Mining
25:32 Heavy Plow
27:27 Loom
27:44 Town Watch
33:26 Imperial Age
32:40 Kshatriyas
33:53 Thumb Ring
33:41 Fletching
33:51 Padded Archer Armor
33:35 Elite Elephant Archer
35:39 Frontier Guards
35:38 Caravan
36:10 Man-at-Arms
36:40 Arson
38:24 Chemistry
37:45 Ballistics
37:06 Treadmill Crane
37:37 Masonry
37:23 Murder Holes
38:13 Forging
38:20 Leather Archer Armor
38:20 Bodkin Arrow
39:24 Crop Rotation
Launi
3:11 Loom
13:22 Feudal Age
16:00 Wheelbarrow
16:03 Double-Bit Axe
20:12 Gold Mining
25:56 Castle Age
27:47 Bow Saw
28:50 Hand Cart
36:13 Stone Mining
40:32 Stone Shaft Mining
45:13 Fortified Wall
Connection lost

Rejoining the realm…

Still unreachable

The connection could not be restored.

Session expired

The server has moved on; the page needs a fresh start.